Map: Efflorescence LE

Players

Батонок - Winner!

  • Race: Protoss Protoss
  • Spawn Location: 3:00

Живчик - Winner!

  • Race: Zerg Zerg
  • League: Diamond
  • Spawn Location: 12:00

Massa

  • Race: Terran Terran
  • League: Platinum
  • Spawn Location: 6:00

qqq

  • Race: Zerg Zerg
  • Spawn Location: 9:00

VOD

Have the link to the VOD?

Description

Time

  • Played on: Feb. 12, 2021, 12:07 p.m.
  • Length: 20:24
Show
View Real Time Build Order
Export as new Build Order

Батонок Protoss - Winner!

Build Orders: Oracle Opening 

Get SALT Encoding   

  12  0:00  Probe  
  13  0:12  Probe  
  14  0:18  Pylon  
  14  0:24  Probe (Chrono Boost)  
  15  0:37  Probe (Chrono Boost)  
  15  0:40  Gateway  
  16  0:45  Probe (Chrono Boost)  
  17  0:51  Probe  
  17  0:53  Assimilator  
  18  1:03  Probe  
  19  1:15  Probe  
  20  1:27  Probe  
  20  1:31  Cybernetics Core  
  21  1:45  Nexus  
  21  1:50  Assimilator  
  21  1:53  Probe  
  22  1:59  Pylon  
  22  2:05  Probe  
  23  2:15  Adept (Chrono Boost)  
  23  2:16  Warp Gate  
  23  2:17  Probe  
  26  2:30  Stargate  
  26  2:32  Probe  
  27  2:38  Pylon  
  27  2:44  Adept  
  29  2:55  Probe  
  30  3:00  Probe  
  31  3:09  Gateway x2  
  31  3:14  Probe  
  32  3:21  Oracle (Chrono Boost)  
  35  3:27  Probe  
  35  3:28  Probe  
  37  3:36  Gateway  
  37  3:40  Probe  
  38  3:43  Probe  
  39  3:52  Probe  
  39  3:55  Probe, Twilight Council  
  44  4:04  Probe  
  43  4:21  Stalker x3  
  28  4:35  Probe x2  
  28  4:47  Probe x2  
  28  4:49  Stalker  
  25  5:11  Probe x2  
  27  5:14  Stalker  
  29  5:23  Probe x2  
  29  5:27  Pylon  
  31  5:39  Stalker  
  29  5:51  Oracle  
  27  6:01  Probe x2  
  27  6:02  Assimilator  
  29  6:06  Assimilator  
  29  6:07  Charge (Chrono Boost)  
  29  6:08  Pylon  
  29  6:09  Pylon  
  29  6:13  Probe x2  
  31  6:25  Probe  
  32  6:31  Probe  
  33  6:36  Zealot x4  
  33  6:37  Probe  
  42  6:43  Probe  
  43  6:49  Probe  
  44  6:55  Probe  
  44  6:59  Stalker x2  
  49  7:02  Probe (Chrono Boost)  
  49  7:07  Probe (Chrono Boost)  
  51  7:14  Probe (Chrono Boost)  
  51  7:15  Zealot  
  54  7:22  Pylon  
  54  7:25  Pylon  
  54  7:28  Pylon  
  54  7:40  Templar Archives  
  54  7:41  Probe x2 (Chrono Boost)  
  54  7:42  Zealot  
  54  7:43  Zealot  
  61  7:53  Probe x2 (Chrono Boost)  
  61  7:54  Pylon  
  61  7:57  Forge  
  61  7:58  Probe (Chrono Boost)  
  63  8:09  Zealot x3  
  69  8:23  High Templar  
  69  8:25  Probe x2  
  69  8:26  Gateway  
  73  8:31  Protoss Ground Weapons Level 1 (Chrono Boost)  
  73  8:37  Probe x2  
  73  8:40  High Templar  
  73  8:41  Zealot x2  
  81  8:44  Archon  
  81  8:49  Probe  
  81  8:50  Robotics Facility  
  82  9:07  Nexus  
  82  9:30  Psionic Storm  
  82  9:31  Zealot x2  
  86  9:39  Pylon  
  86  9:40  Pylon  
  86  9:41  Pylon  
  86  9:44  Nexus  
  86  9:47  Gateway, Pylon  
  86  9:48  Gateway  
  86  9:52  Pylon  
  86  9:55  Pylon  
  86  9:57  Pylon  
  86  9:58  Stalker x2  
  86  9:59  Stalker  
  92  10:05  Zealot x2  
  96  10:09  Warp Prism  
  96  10:12  Probe x2  
  100  10:23  High Templar x2  
  100  10:24  Probe x2, Zealot  
  108  10:36  Probe x2  
  110  10:46  Zealot x5  
  110  10:48  Probe x2  
  122  11:00  Probe x2  
  100  11:12  Probe  
  100  11:17  Probe x2  
  101  11:23  Phoenix (Chrono Boost)  
  101  11:24  Probe  
  104  11:29  Probe x2  
  106  11:33  Pylon  
  106  11:35  Pylon  
  106  11:37  Pylon  
  106  11:40  Pylon  
  106  11:41  Protoss Ground Weapons Level 2 (Chrono Boost)  
  106  11:43  Probe x3  
  109  11:55  Probe x3, Photon Cannon  
  109  11:56  Photon Cannon  
  109  11:59  Photon Cannon  
  109  12:00  High Templar x3  
  109  12:01  High Templar x2  
  122  12:02  Photon Cannon  
  122  12:06  Photon Cannon  
  122  12:07  Zealot x2  
  126  12:11  Archon  
  124  13:00  Phoenix  
  124  13:04  Zealot x3  
  124  13:05  Zealot x4  
  138  13:17  Forge  
  138  13:23  Pylon  
  138  13:24  Pylon  
  138  13:25  Pylon  
  136  13:27  Pylon  
  136  13:28  Phoenix  
  136  13:29  Pylon  
  138  13:40  Zealot x7  
  138  13:54  Probe x3  
  133  14:01  Assimilator x2  
  133  14:04  Zealot x2  
  133  14:05  Zealot  
  133  14:06  Probe, High Templar x2  
  133  14:08  Gateway  
  133  14:09  Gateway  
  144  14:10  Archon  
  140  14:24  Archon  
  98  14:40  Zealot x6  
  98  14:41  Zealot  
  112  15:07  High Templar x9  
  112  15:11  Archon x4, Nexus  
  112  15:13  Pylon  
  130  15:15  Pylon  
  130  15:23  Protoss Ground Weapons Level 3 (Chrono Boost)  
  130  15:26  Protoss Ground Armor Level 1 (Chrono Boost)  
  130  15:35  Gateway  
  130  15:36  Gateway  
  130  15:39  Probe x2  
  130  15:40  Gateway  
  132  15:43  Zealot x5  
  132  15:44  Zealot x2  
  132  15:45  High Templar  
  132  15:47  High Templar  
  150  15:51  Archon  
  150  16:05  Stargate  
  150  16:07  Fleet Beacon  
  150  16:10  Stalker  
  150  16:11  Stalker  
  154  16:26  Zealot x5  
  126  17:10  Zealot x11  
  126  17:11  Zealot  
  138  17:31  Tempest  
  138  17:32  Tempest  
  148  17:43  Stargate  
  148  17:47  High Templar  
  148  17:48  High Templar x2, Assimilator  
  148  17:49  High Templar, Stargate  
  156  17:52  Assimilator  
  156  18:05  Tempest  
  156  18:06  Tempest  
  156  18:14  Protoss Air Weapons Level 1 (Chrono Boost)  
  166  18:27  Tempest  
  166  18:32  Tempest  
  176  18:37  Stalker x3  
  176  18:38  Stalker x3  
  176  18:40  Zealot x6  
  200  20:07  Nexus  
Show
View Real Time Build Order
Export as new Build Order

Живчик Zerg - Winner!

Build Orders: Hatch First, Lurkers 

Get SALT Encoding   

  12  0:00  Drone  
  13  0:13  Overlord  
  13  0:18  Drone  
  14  0:32  Drone x2  
  16  0:51  Hatchery  
  16  0:53  Drone  
  16  0:57  Drone  
  17  1:00  Drone  
  18  1:11  Extractor  
  18  1:16  Spawning Pool  
  16  1:19  Drone  
  16  1:23  Drone  
  18  1:30  Drone  
  19  1:43  Drone  
  20  1:52  Overlord  
  20  2:03  Queen x2  
  20  2:05  Zergling x2  
  20  2:06  Zergling x2  
  26  2:13  Metabolic Boost  
  26  2:16  Drone x2  
  28  2:28  Zergling x2  
  28  2:29  Drone  
  30  2:39  Drone x2  
  32  2:49  Overlord  
  32  2:50  Drone  
  33  2:55  Baneling Nest  
  33  2:57  Drone x2  
  34  3:12  Overlord  
  34  3:13  Drone x4  
  37  3:21  Drone x2  
  39  3:27  Overlord  
  38  3:36  Zergling x2, Evolution Chamber  
  38  3:39  Baneling  
  38  3:40  Baneling  
  38  3:41  Zergling x2  
  38  3:42  Zergling x2  
  38  3:43  Queen  
  38  3:44  Spine Crawler  
  41  3:50  Zergling x2  
  41  3:52  Zergling x2  
  41  3:53  Zergling x6  
  46  3:58  Zergling x2  
  46  4:01  Zergling x4  
  50  4:02  Zergling x2  
  50  4:04  Zerg Melee Weapons Level 1  
  50  4:05  Zergling x2  
  51  4:12  Zergling x2  
  51  4:15  Zergling x2  
  47  4:24  Zergling x4  
  47  4:25  Zergling x2  
  47  4:27  Zergling x8  
  47  4:30  Zergling x2  
  49  4:39  Zergling x4  
  47  4:47  Zergling x2  
  47  4:50  Zergling x2  
  46  4:59  Zergling x4  
  47  5:12  Zergling x4  
  49  5:21  Baneling x4  
  48  5:22  Zergling x10  
  48  5:25  Zergling x2  
  48  5:26  Zergling x4  
  56  5:33  Zergling x2  
  56  5:34  Zergling x2  
  58  5:41  Hatchery  
  57  5:49  Zergling x4  
  53  5:53  Zergling x6  
  53  5:57  Zergling x2  
  56  6:02  Zerg Ground Armor Level 1  
  56  6:04  Zergling x8  
  57  6:09  Zergling x2  
  59  6:21  Overlord x3  
  59  6:36  Overlord  
  59  6:37  Overlord  
  58  6:41  Hatchery  
  58  6:43  Drone x2  
  56  6:53  Drone x4  
  56  6:54  Drone x6  
  57  6:56  Extractor  
  57  6:58  Extractor  
  58  7:04  Drone  
  58  7:05  Drone  
  60  7:14  Baneling x4  
  59  7:28  Zergling x2  
  59  7:29  Zergling x16  
  65  7:32  Baneling x3  
  65  7:36  Extractor  
  64  7:40  Hatchery  
  63  7:46  Zergling x10  
  63  7:59  Baneling  
  63  8:00  Baneling x3  
  59  8:08  Zergling x8  
  59  8:09  Zergling x10  
  67  8:13  Lair  
  67  8:26  Overlord  
  67  8:27  Zergling x2, Overlord  
  67  8:28  Zergling x4  
  70  8:38  Zergling x2  
  70  8:39  Zergling x4  
  70  8:40  Drone x2  
  70  8:41  Drone  
  76  8:51  Drone x4  
  76  9:05  Baneling x4  
  76  9:07  Zergling x6  
  76  9:08  Drone x4  
  70  9:25  Hydralisk Den  
  70  9:26  Zerg Missile Weapons Level 1, Infestation Pit  
  68  9:31  Zergling x2  
  68  9:32  Zergling x6  
  68  9:35  Centrifical Hooks  
  68  9:38  Drone x3  
  75  9:53  Drone x2  
  75  9:54  Drone x2  
  75  9:57  Spine Crawler  
  75  9:59  Drone x4, Spine Crawler, Extractor  
  80  10:14  Lurker Den  
  74  10:16  Drone x2  
  74  10:18  Overlord  
  74  10:19  Extractor, Overlord  
  75  10:26  Evolution Chamber  
  73  10:42  Drone x3  
  76  10:44  Overlord x2  
  76  10:50  Zergling x4  
  77  10:59  Drone  
  77  11:00  Zergling x2  
  77  11:01  Zergling x10  
  81  11:09  Hydralisk x5, Zergling x6  
  81  11:10  Hydralisk  
  95  11:24  Hydralisk x3, Spore Crawler  
  95  11:25  Spore Crawler  
  87  11:49  Lurker x6  
  87  11:50  Hydralisk x2  
  87  11:52  Hatchery  
  87  11:53  Lurker  
  97  11:56  Baneling  
  97  11:57  Baneling x4  
  97  12:03  Zerg Missile Weapons Level 2  
  97  12:09  Spore Crawler x2  
  97  12:11  Spore Crawler  
  97  12:12  Hydralisk  
  89  12:23  Hydralisk  
  89  12:24  Hydralisk x2  
  93  12:39  Hydralisk x5  
  100  12:51  Hydralisk x2  
  100  12:52  Hydralisk  
  100  12:56  Hydralisk, Zergling x2  
  103  13:04  Queen  
  104  13:14  Hydralisk x4  
  104  13:17  Drone x7  
  104  13:18  Drone x3  
  104  13:19  Drone x3  
  125  13:20  Queen  
  125  13:23  Hydralisk  
  119  13:42  Hydralisk  
  119  13:46  Hydralisk x6  
  133  13:48  Zergling x2  
  133  14:01  Hive  
  132  14:03  Zerg Ground Armor Level 2  
  132  14:05  Hydralisk  
  132  14:06  Zergling x2  
  132  14:07  Drone x3  
  138  14:16  Spore Crawler  
  134  14:27  Hydralisk  
  134  14:28  Hydralisk x5  
  142  14:34  Hydralisk  
  142  14:35  Hydralisk x3  
  142  14:37  Zergling x4  
  143  14:41  Hydralisk x2  
  145  14:46  Muscular Augments  
  143  15:01  Spore Crawler  
  143  15:02  Spore Crawler  
  143  15:03  Spine Crawler  
  143  15:04  Drone x3  
  143  15:05  Drone x4, Spine Crawler  
  146  15:13  Hydralisk  
  146  15:14  Hydralisk x2  
  150  15:23  Spore Crawler  
  150  15:25  Spore Crawler  
  148  15:29  Spine Crawler, Spore Crawler x2  
  148  15:30  Spine Crawler  
  144  15:47  Drone x6  
  150  15:52  Overlord x3  
  150  15:53  Overlord x3  
  140  16:11  Spire  
  138  16:12  Zerg Missile Weapons Level 3  
  138  16:28  Hydralisk x3  
  138  16:29  Overlord x3  
  141  16:40  Hydralisk x4, Lurker x3  
  146  16:47  Overlord x3  
  146  16:49  Hydralisk x2  
  146  16:53  Hydralisk x3  
  151  16:56  Hydralisk x3  
  151  16:57  Hydralisk  
  144  17:21  Hydralisk x6  
  144  17:22  Hydralisk x5  
  138  17:36  Hydralisk  
  138  17:37  Hydralisk x5  
  138  17:43  Seismic Spines  
  150  17:54  Extractor  
  150  17:56  Extractor  
  148  17:59  Lurker  
  148  18:00  Lurker x2  
  148  18:01  Lurker  
  152  18:06  Hatchery  
  151  18:16  Hydralisk x6  
  155  18:49  Corruptor  
  155  18:50  Corruptor x7  
  155  18:53  Extractor  
  158  18:56  Extractor  
  145  19:03  Corruptor x2  
  145  19:04  Corruptor  
  149  19:19  Overseer x3  
  149  19:20  Corruptor  
  151  19:28  Drone x6  
  151  19:29  Drone x4  
  133  20:07  Hatchery  
  133  20:09  Spore Crawler  
Show
View Real Time Build Order
Export as new Build Order

Massa Terran 

Build Orders:  

Get SALT Encoding   

  12  0:00  SCV  
  13  0:13  SCV  
  14  0:18  Supply Depot  
  14  0:25  SCV  
  15  0:40  SCV  
  15  0:41  Barracks  
  16  0:48  Refinery  
  16  0:52  SCV  
  17  1:01  Supply Depot  
  17  1:04  SCV  
  18  1:15  Barracks  
  18  1:17  SCV  
  19  1:29  SCV  
  20  1:36  Barracks  
  20  1:38  Barracks Tech Lab  
  20  1:49  Orbital Command  
  20  1:59  Stimpack  
  20  2:01  Marine  
  20  2:05  Marine  
  22  2:19  Marauder  
  24  2:23  Marine  
  24  2:24  Supply Depot  
  24  2:25  Marine  
  26  2:41  Marauder, Marine  
  26  2:43  Marine  
  30  2:58  Marine  
  30  3:01  Marine  
  30  3:02  Marauder  
  34  3:16  Marine  
  34  3:19  Marine  
  36  3:23  Marauder  
  38  3:30  Engineering Bay  
  38  3:34  Marine  
  39  3:45  Supply Depot  
  39  3:49  Combat Shield  
  39  4:06  Marine x2  
  39  4:07  Marauder  
  41  4:24  Marine x2  
  41  4:28  Marauder  
  40  4:42  Marine  
  40  4:43  Marine  
  38  4:50  Marauder  
  34  5:00  Marine x2  
  34  5:05  Missile Turret  
  34  5:06  Terran Infantry Weapons Level 1  
  34  5:11  Marauder  
  36  5:18  Marine x2, Command Center  
  38  5:27  Factory  
  38  5:33  Marauder  
  40  5:36  Marine x2  
  40  5:54  Marauder  
  34  5:58  Marine x2  
  34  6:07  Refinery  
  34  6:12  Barracks  
  34  6:13  Factory Tech Lab  
  34  6:15  Marauder  
  34  6:16  Marine x2  
  38  6:22  Concussive Shells  
  38  6:33  Marine  
  38  6:34  Marine, Missile Turret  
  38  6:36  Marine  
  38  6:38  Cyclone  
  44  6:44  Orbital Command  
  44  6:46  SCV  
  45  6:58  SCV  
  45  7:00  Mag-Field Accelerator  
  46  7:10  SCV  
  46  7:13  Supply Depot  
  46  7:15  Supply Depot  
  47  7:18  Terran Infantry Armor Level 1, Supply Depot  
  47  7:19  SCV  
  47  7:22  SCV  
  49  7:23  Marine  
  49  7:28  Barracks Reactor  
  49  7:29  Marine x2  
  52  7:31  SCV  
  52  7:34  SCV  
  54  7:43  SCV  
  55  7:45  Widow Mine  
  55  7:46  SCV  
  58  8:23  Cyclone  
  58  8:25  SCV x2  
  60  8:30  Refinery  
  60  8:36  Armory, Marine x2  
  60  8:37  SCV x2, Marine  
  66  8:48  Barracks Tech Lab  
  66  8:49  SCV  
  66  8:50  Barracks Reactor  
  66  8:54  Marine x3  
  69  8:56  Cyclone  
  69  9:02  Refinery  
  72  9:03  Starport  
  72  9:09  SCV x2, Supply Depot  
  74  9:10  Supply Depot  
  74  9:12  Marine  
  74  9:13  Marauder  
  77  9:21  SCV x2  
  79  9:32  Supply Depot  
  79  9:33  SCV x2, Marauder  
  79  9:34  Marauder  
  79  9:36  Supply Depot  
  79  9:38  Siege Tank  
  88  9:48  Missile Turret  
  88  9:54  Marauder  
  88  9:56  Marauder  
  92  10:11  Siege Tank  
  95  10:15  Marauder  
  95  10:17  Marauder  
  95  10:18  Command Center  
  99  10:22  Missile Turret  
  99  10:45  Missile Turret  
  89  11:08  Marauder, Marine  
  89  11:09  Marauder  
  59  11:14  Marine  
  59  11:15  Marine x2  
  59  11:16  Siege Tank  
  56  11:19  Barracks  
  56  11:25  SCV x2  
  58  11:26  Marine  
  58  11:30  Marauder x2  
  58  11:31  Planetary Fortress  
  58  11:32  Marine  
  64  11:33  Marine x2  
  64  11:37  SCV  
  67  11:44  Marine  
  67  11:45  SCV  
  69  11:49  SCV  
  69  11:50  Marine x3  
  69  11:51  Marauder x2  
  69  11:52  Sensor Tower  
  69  11:53  Siege Tank  
  80  11:58  SCV  
  80  12:00  Factory  
  81  12:02  Marine  
  81  12:03  Terran Infantry Weapons Level 2  
  81  12:04  Terran Vehicle Weapons Level 1  
  81  12:08  Marine  
  83  12:10  SCV x3  
  83  12:12  Marauder  
  83  12:13  Marauder  
  90  12:18  Starport Reactor  
  90  12:22  SCV x3  
  93  12:34  SCV, Marauder x2  
  98  12:38  Marine x4  
  98  12:42  Barracks Tech Lab  
  90  12:55  Marauder, Marine x2  
  90  12:56  Marauder, Marine x2  
  94  13:10  Marauder  
  96  13:13  Marine x3  
  96  13:14  Marine  
  96  13:16  Factory Tech Lab, Marauder  
  96  13:17  Marauder  
  96  13:18  Engineering Bay  
  104  13:28  Medivac x2  
  104  13:32  Marauder  
  110  13:34  Refinery x2  
  110  13:38  Marauder x2  
  113  13:47  Marine x4  
  104  13:48  Command Center  
  104  13:53  Marauder  
  91  13:58  Medivac x2  
  91  13:59  Marauder  
  91  14:00  Marauder  
  91  14:02  Siege Tank x2  
  95  14:04  Marine x2  
  95  14:08  SCV x3  
  100  14:14  Marauder  
  102  14:20  SCV  
  102  14:21  Marauder x2  
  103  14:27  Marine x2  
  103  14:28  Medivac x2  
  96  14:36  Marauder  
  93  14:42  Marauder  
  93  14:43  Marauder  
  96  14:57  Marauder, Siege Tank x2  
  96  14:59  Marine  
  105  15:03  Marauder  
  105  15:04  Marauder  
  109  15:19  Marauder  
  111  15:25  Marauder x2  
  115  15:29  Siege Tank x2  
  115  15:30  Planetary Fortress  
  115  15:34  Medivac x2  
  125  15:53  SCV x2  
  127  15:59  Terran Infantry Armor Level 2  
  127  16:01  Siege Tank  
  130  16:05  SCV x2  
  130  16:10  SCV  
  133  16:19  Ghost Academy  
  133  16:27  Supply Depot x2  
  133  16:43  SCV x2  
  103  16:48  Siege Tank x2  
  103  16:51  Supply Depot  
  86  17:03  Marauder x2  
  86  17:04  Marauder  
  81  17:20  Siege Tank  
  68  17:22  Marine  
  68  17:23  Marine x3  
  68  17:25  Marauder x3  
  77  17:40  Marine x2  
  79  17:46  Marauder x2  
  79  17:47  Marine  
  79  17:48  Marine  
  85  18:06  Command Center  
  85  18:35  Ghost x2  
  85  18:37  Marine x2  
  91  18:43  Enhanced Shockwaves  
  91  18:46  Siege Tank  
  94  19:04  Marauder, Marine  
  94  19:05  Marauder  
  99  19:25  Planetary Fortress  
  85  19:47  SCV  
Show
View Real Time Build Order
Export as new Build Order

qqq Zerg 

Build Orders: Hatch First 

Get SALT Encoding   

  12  0:01  Drone  
  13  0:10  Drone  
  14  0:18  Overlord  
  14  0:46  Hatchery  
  13  0:54  Drone x2  
  15  1:00  Drone  
  16  1:17  Spawning Pool  
  15  1:18  Extractor  
  15  1:21  Drone  
  15  1:25  Drone  
  15  1:30  Drone  
  17  1:42  Drone  
  18  1:49  Drone  
  19  2:03  Drone  
  19  2:04  Queen  
  19  2:06  Queen  
  24  2:10  Drone  
  25  2:17  Overlord  
  25  2:21  Drone  
  26  2:27  Metabolic Boost  
  26  2:31  Drone  
  26  2:34  Zergling x2  
  28  2:38  Zergling x2  
  28  2:41  Drone  
  30  2:46  Zergling x2  
  31  2:52  Drone, Evolution Chamber  
  31  2:54  Drone  
  31  2:57  Drone  
  33  3:03  Drone  
  33  3:04  Zergling x2  
  33  3:21  Drone  
  33  3:23  Zergling x4  
  33  3:24  Overlord x2  
  36  3:28  Zerg Melee Weapons Level 1  
  36  3:32  Overlord  
  36  3:42  Zergling x2  
  36  3:44  Drone x3  
  40  3:50  Zergling x2  
  41  3:56  Zergling x2  
  41  4:03  Spore Crawler  
  41  4:06  Zergling x4  
  41  4:07  Zergling x4  
  41  4:08  Zergling x4  
  44  4:25  Zergling x4  
  44  4:26  Zergling x4  
  44  4:29  Zergling x6  
  47  4:40  Zergling x2  
  47  4:41  Zergling x6  
  50  4:48  Zergling x2  
  50  4:56  Zergling x2  
  50  4:57  Zergling x2  
  51  5:00  Hatchery  
  45  5:10  Zergling x6  
  45  5:11  Zergling x6  
  51  5:19  Zergling x2  
  51  5:20  Zergling x2  
  53  5:22  Zerg Ground Armor Level 1  
  53  5:28  Zergling x4  
  46  5:55  Zergling x2  
  46  5:56  Zergling x4  
  46  5:57  Zergling x6  
  45  6:02  Baneling Nest  
  40  6:06  Zergling x2  
  40  6:07  Zergling x2  
  42  6:16  Lair  
  42  6:20  Zergling x2  
  43  6:26  Zergling x2  
  43  6:27  Zergling x2  
  43  6:28  Zergling x6  
  48  6:34  Zergling x6  
  48  6:35  Overlord  
  48  6:36  Drone, Zergling x4  
  48  6:37  Zergling x2  
  55  6:45  Hatchery  
  48  6:55  Zergling x4  
  48  6:57  Queen  
  48  6:58  Drone x2  
  48  6:59  Zergling x4  
  56  7:31  Baneling x2  
  56  7:32  Baneling x5  
  56  7:33  Zergling x2  
  56  7:34  Zergling x12  
  56  7:35  Drone x4, Zergling x2  
  56  7:36  Zergling x2  
  69  7:45  Drone x2, Zergling x2  
  65  8:07  Baneling x4  
  63  8:26  Spire  
  59  8:27  Drone x2  
  59  8:28  Drone x4  
  59  8:29  Drone x4  
  59  8:33  Extractor x2  
  67  8:36  Extractor  
  67  8:38  Baneling  
  67  8:39  Baneling x3  
  66  8:47  Drone x3  
  69  8:50  Drone x5  
  69  8:51  Drone  
  75  8:58  Zergling x6, Overlord x2  
  77  9:07  Baneling x4  
  68  9:22  Zergling x4  
  68  9:23  Drone  
  68  9:24  Drone x7  
  68  9:25  Drone  
  73  9:33  Spore Crawler  
  73  9:34  Spine Crawler  
  73  9:35  Spine Crawler  
  70  9:38  Spine Crawler  
  70  9:42  Drone x2, Spine Crawler  
  70  9:43  Drone x2  
  72  9:50  Drone, Baneling x5  
  72  9:51  Drone x2  
  75  9:55  Drone  
  75  9:56  Hatchery  
  75  9:57  Overlord x2  
  75  9:58  Drone  
  75  9:59  Drone x2  
  78  10:09  Spore Crawler  
  78  10:10  Spore Crawler  
  78  10:11  Drone x2, Spore Crawler  
  76  10:22  Mutalisk  
  76  10:23  Mutalisk  
  76  10:24  Overlord x2  
  76  10:25  Overlord  
  76  10:26  Drone x2  
  82  10:41  Mutalisk x2  
  82  10:42  Mutalisk  
  86  10:44  Drone x4  
  86  10:49  Spine Crawler  
  91  10:51  Spine Crawler  
  91  10:52  Extractor  
  91  10:53  Extractor  
  91  10:54  Spine Crawler  
  91  10:55  Extractor, Drone x2  
  91  10:56  Extractor  
  87  10:59  Zerg Flyer Weapons Level 1  
  87  11:04  Infestation Pit  
  87  11:08  Zergling x4  
  87  11:09  Zergling x2  
  87  11:10  Zergling x6  
  87  11:11  Drone x3  
  92  11:23  Mutalisk x2  
  89  11:37  Baneling x7  
  89  11:38  Baneling x2  
  87  11:49  Mutalisk x2  
  87  11:50  Drone  
  87  11:51  Drone x7  
  87  11:52  Drone  
  100  12:03  Hive  
  100  12:05  Drone x2  
  100  12:07  Spine Crawler  
  101  12:10  Spine Crawler x2, Spore Crawler  
  101  12:12  Queen  
  101  12:15  Mutalisk x4  
  104  12:17  Drone x2  
  104  12:30  Overseer x2  
  104  12:31  Pneumatized Carapace  
  104  12:40  Mutalisk x2  
  104  12:41  Mutalisk  
  96  13:00  Corruptor x4  
  104  13:12  Hatchery  
  103  13:14  Spine Crawler  
  103  13:15  Spine Crawler  
  103  13:17  Mutalisk x2  
  103  13:19  Drone x3  
  108  13:24  Spine Crawler  
  108  13:25  Spine Crawler  
  108  13:26  Spore Crawler  
  105  13:28  Spine Crawler  
  105  13:30  Spore Crawler  
  101  13:40  Corruptor x2  
  101  13:41  Corruptor  
  101  13:45  Greater Spire  
  101  13:48  Zergling x10  
  108  13:59  Mutalisk x3  
  108  14:00  Zergling x2  
  115  14:06  Hatchery  
  114  14:10  Overseer  
  93  14:33  Mutalisk x5  
  93  14:37  Drone x2  
  99  14:46  Drone  
  99  14:50  Extractor, Spine Crawler  
  99  14:51  Spore Crawler  
  99  14:52  Spine Crawler  
  96  14:56  Zergling x16  
  96  14:57  Zergling x4  
  96  14:59  Brood Lord x3  
  112  15:03  Drone  
  115  15:26  Drone x2  
  115  15:27  Drone  
  118  15:32  Zergling x12  
  118  15:33  Zergling x6  
  118  15:35  Brood Lord x3  
  129  15:36  Overlord  
  129  15:37  Corruptor x2  
  129  15:39  Drone  
  124  16:05  Zerg Flyer Weapons Level 2  
  124  16:12  Corruptor x3  
  124  16:14  Drone x3  
  133  16:28  Hatchery  
  117  17:01  Corruptor x3  
  117  17:02  Corruptor  
  117  17:04  Brood Lord x4  
  117  17:06  Drone x3  
  122  17:27  Corruptor  
  122  17:28  Corruptor x4  
  120  17:32  Drone x2  
  118  17:41  Spine Crawler  
  118  17:43  Spine Crawler  
  112  17:45  Spine Crawler, Spore Crawler  
  110  17:54  Brood Lord x2  
  110  17:57  Brood Lord  
  116  18:04  Drone x4  
  116  18:05  Drone  
  119  18:15  Brood Lord x2  
  123  18:20  Brood Lord  
  123  18:21  Drone, Zerg Flyer Armor Level 1  
  126  18:44  Brood Lord x2  
  114  19:08  Drone x3  
  115  19:15  Hatchery  
  114  19:19  Brood Lord, Corruptor x6  
  128  19:31  Corruptor x2  
  128  19:32  Corruptor  
  122  19:49  Corruptor x3  
Tags
 
Add a new tag
Caveats
  • Supply blocks, unpowered buildings, or Contaminate may cause inaccurate times.
  • Supply counts are checked every 10 seconds.